[Event "*** Qualifier 3: Titled Tuesday 3|2 Blitz"]
[Site "Chess.com"]
[Date "2017.04.18"]
[Round "9"]
[White "ChessQueen"]
[Black "fastestmindalive"]
[Result "1/2-1/2"]
[WhiteElo "2552"]
[BlackElo "2442"]
[TimeControl "180+2"]
[EndTime "15:07:44 PDT"]
[Termination "Game drawn - insufficient material"]

1. e4 c5 2. Nf3 e6 3. d4 cxd4 4. Nxd4 Bc5 5. Nb3 Bb6 6. Bd3 Ne7 7. Qg4 O-O 8. O-O Nbc6 9. Qg3 f5 10. Bh6 Ng6 11. Bg5 Qe8 12. exf5 Bc7 13. Qh3 exf5 14. Bxf5 d5 15. Bxc8 Rxc8 16. Nc3 Qe5 17. f4 Qd6 18. Rad1 Nb4 19. Kh1 h6 20. Nb5 Qa6 21. Qd7 Bb8 22. f5 hxg5 23. fxg6 Qxg6 24.
N5d4 Rce8 25. a3 Nxc2 26. Qxd5+ Kh8 27. Rxf8+ Rxf8 28. Qc5 Rd8 29. Rc1 Nxd4 30. Nxd4 Qh5 31. Nf3 Qh6 32. Qxg5 Qxg5 33. Nxg5 Kg8 34. Nf3 Bf4 35.
Re1 Bh6 36. g3 Rd3 37. Kg2 Rb3 38. Re2 g6 39. Nd4 Rb6 40. b4 Bg7 41. Ne6 Bf6 42.
Nc5 Rb5 43. Re8+ Kf7 44. Ra8 a6 45. Ra7 Bd4 46. Rxb7+ Kf6 47. Rc7 a5 48. Nd3 axb4 49.
axb4 Rd5 50. Rc6+ Kg7 51. Kf3 Kh7 52. Nf4 Rd7 53. Rc4 Bb6 54. Ke4 Rd2 55. Nd5 Bg1 56. h4 Re2+ 57. Kf3 Rb2 58. g4 Kg7 59. Rc7+ Kf8 60. h5 gxh5 61. gxh5 Rh2 62. Kg4 Rd2 63.
Nf4 Rd4 64. Rc8+ Kf7 65. Kg5 Be3 66. Rc7+ Kf8 67. Rc8+ Kf7 68. Rc7+ Ke8 69. Rc8+ Ke7 70. Rc7+ Ke8 71. Rc8+ Ke7 72. Rc7+ Kd6 73. Rf7 Rxb4 74.
h6 Bd4 75. h7 Rb1 76. Rf8 Rg1+ 77. Kf5 Rh1 78. Kg6 Ke7 79. Rf7+ Ke8 80. Rb7 Rg1+ 81. Kf5 Rh1 82. Ne6 Ba1 83. Ng7+ Kf8 84. Ne6+ Ke8 85.
Ng5 Rh6 86. Ra7 Bd4 87. Ra4 Bb2 88. Ra8+ Ke7 89. Rg8 Ba1 90. Rg6 Rh1 91. Ra6 Bb2 92.
Kg6 Bc3 93. Ra7+ Ke8 94. Ra3 Bb2 95. Rh3 Rxh3 96. Nxh3 Kf8 97. Ng5 Ke7 98. Nf7 Ba1 99. Nh6 Bb2 100. Ng8+ Ke6 101. Nh6 Ke7 102. Ng4 Ba1 103. Ne3 Kf8 104. Kh6 Kf7 105. Nc4 Bd4 106. Nd6+ Ke6 107. Ne8 Kf7 108. Nd6+ Ke6 109. Ne4 Kf7 110. Ng5+ Ke7 111.
Kg6 Ba1 112. Nf7 Bb2 113. Nh6 Ba1 114. Ng4 Bb2 115. Kf5 Kf7 116. Ne5+ Kg7 117. Nd3 Ba1 118. Nf4 Kh6 119. Ne6 Bh8 120. Ng5 Bg7 121. Kg4 Kg6 122. Ne6 Bh8 123. Ng5 Kf6 124. Kh5 Kg7 125. Kg4 Kf8 126. Kf5 Kg7 127. Kg4 Kh6 128. Kf5 Ba1 129. Ne4 Bh8 130. Nf6 Bg7 131. Ke6 Bh8 132. Kf7 Bg7 133. Kg8 Bxf6 134. h8=Q+ Bxh8 1/2-1/2

[Event "*** Qualifier 3: Titled Tuesday 3|2 Blitz"]
[Site "Chess.com"]
[Date "2017.04.18"]
[Round "10"]
[White "abubakrtagelsir"]
[Black "Kubas1010"]
[Result "1-0"]
[WhiteElo "2186"]
[BlackElo "2394"]
[TimeControl "180+2"]
[EndTime "15:12:51 PDT"]
[Termination "abubakrtagelsir won by resignation"]

1. e4 e5 2. Nf3 Nc6 3. d4 exd4 4. Bc4 Nf6 5. e5 Ng4 6. Qe2 Qe7 7. Bf4 d6 8. exd6 Qxe2+ 9. Kxe2 Bxd6 10. Bxd6 cxd6 11. Bb5 Bd7 12. Re1 O-O-O 13. Na3 a6 14. Bxc6 Bxc6 15.
Nxd4 Bxg2 16. Rg1 Rhe8+ 17. Kd2 Bh3 18. Rg3 Nxf2 19. Rxg7 f5 20. Re1 Ne4+ 21. Kc1 Rd7 22. Rg3 Nxg3 23. Rxe8+ Kc7 24. Ne6+ Kc6 25. hxg3 b5 26.
c3 Kd5 27. Nf4+ 1-0

[Event "*** Qualifier 3: Titled Tuesday 3|2 Blitz"]
[Site "Chess.com"]
[Date "2017.04.18"]
[Round "10"]
[White "jefferyx"]
[Black "jcibarra"]
[Result "1/2-1/2"]
[WhiteElo "2657"]
[BlackElo "2681"]
[TimeControl "180+2"]
[EndTime "15:12:52 PDT"]
[Termination "Game drawn by repetition"]

1. e4 e5 2. Nf3 d6 3. d4 exd4 4. Nxd4 Nf6 5. Nc3 Be7 6. Bf4 O-O 7. Qd2 d5 8. Ndb5 Bb4 9. O-O-O c6 10. Qd4 Na6 11. exd5 cxb5 12. Bxb5 Qa5 13. Bxa6 bxa6 14. Be5 Ne8 15. d6 Bd7 16. Nd5 Bc5 17. Qc4 Qb5 18.
Qc3 f6 19. Bg3 Kh8 20. a4 Qc6 21. Ne7 Qb6 22. Nd5 Qc6 23. Ne7 Qb6 24. Nd5 Qc6 1/2-1/2

[Event "*** Qualifier 3: Titled Tuesday 3|2 Blitz"]
[Site "Chess.com"]
[Date "2017.04.18"]
[Round "10"]
[White "MateusViageiro"]
[Black "dhanushbharadwaj"]
[Result "1-0"]
[WhiteElo "2305"]
[BlackElo "2401"]
[TimeControl "180+2"]
[EndTime "15:13:29 PDT"]
[Termination "MateusViageiro won by resignation"]

1. e4 c5 2. Nf3 d6 3. d4 cxd4 4.
Nxd4 Nf6 5. Nc3 a6 6. Be2 e5 7. Nb3 Be6 8. f4 exf4 9. Bxf4 Nc6 10. Qd2 Be7 11. O-O-O Rc8 12. Bxd6 Bxd6 13. Qxd6 Qxd6 14. Rxd6 Ke7 15. Rhd1 b5 16. a3 Ne5 17. Rxa6 Bxb3 18. cxb3 Nxe4 19. Bxb5 Nxc3 20. bxc3 Rxc3+ 21. Kb2 Rhc8 22. Rd2 Re3 23. Ra7+ Kf8 24. Re2 Nd3+ 25. Bxd3 Rxd3 26. a4 f6 27. Ree7 Rd2+ 28. Ka3 Rxg2 29. h4 Rb8 30. Rab7 Rxb7 31. Rxb7 Rg1 32. a5 Ra1+ 33. Kb4 f5 34.
Rb5 g6 35. h5 Kf7 36. h6 g5 37. Rxf5+ Kg6 38. Re5 Kxh6 39. Kb5 Kg6 40. Kb6 h5 41. a6 Rb1 42. a7 Rxb3+ 43. Rb5 Ra3 44. Ra5 Rb3+ 45. Ka6 1-0

[Event "*** Qualifier 3: Titled Tuesday 3|2 Blitz"]
[Site "Chess.com"]
[Date "2017.04.18"]
[Round "10"]
[White "Alex_Molchanov"]
[Black "matiss90"]
[Result "1-0"]
[WhiteElo "2419"]
[BlackElo "2294"]
[TimeControl "180+2"]
[EndTime "15:13:47 PDT"]
[Termination "Alex_Molchanov won by resignation"]

1. d4 Nf6 2. c4 g6 3. Nc3 Bg7 4. e4 d6 5. Be2 O-O 6. Nf3 Na6 7. O-O e5 8. d5 Nc5 9. Qc2 a5 10. Bg5 h6 11. Bh4 g5 12. Bg3 Nh5 13. Nd2 Nf4 14. f3 Bd7 15. Bf2 h5 16. Kh1 g4 17. g3 Nxe2 18. Nxe2 gxf3 19. Nxf3 Bg4 20. Bxc5 dxc5 21. Nh4 Ra6 22. Ng1 Rb6 23. Nf5 Bxf5 24. Rxf5 h4 25. g4 h3 26. Nxh3 Qh4 27. Qg2 Rg6 28. Rg1 a4 29. Qf3 Bf6 30. Rh5 1-0

[Event "*** Qualifier 3: Titled Tuesday 3|2 Blitz"]
[Site "Chess.com"]
[Date "2017.04.18"]
[Round "10"]
[White "amazingoid"]
[Black "Lupul_Cenusiu"]
[Result "0-1"]
[WhiteElo "2370"]
[BlackElo "2462"]
[TimeControl "180+2"]
[EndTime "15:13:54 PDT"]
[Termination "Lupul_Cenusiu won by resignation"]

1. e4 Nc6 2. Nf3 d6 3. d4 Nf6 4. Nc3 g6 5. Be2 Bg7 6. O-O O-O 7. Bg5 h6 8. Bh4 Bg4 9. h3 Bxf3 10.
Bxf3 e5 11. Ne2 Qe8 12. d5 Ne7 13. c4 Nd7 14. Bxe7 Qxe7 15. b4 a5 16. a3 f5 17.
Rc1 b6 18. exf5 gxf5 19. Ng3 e4 20. Bh5 Qg5 21. Nh1 axb4 22. axb4 Ra2 23. Be2 Ne5 24. c5 Rxe2 25. Qxe2 Nf3+ 26. Qxf3 exf3 27. g3 bxc5 28. bxc5 Be5 29. cxd6 cxd6 30. Rc4 Rb8 31. Re1 Qd2 32. Rf1 Qxd5 33. Rh4 Kg7 0-1

[Event "*** Qualifier 3: Titled Tuesday 3|2 Blitz"]
[Site "Chess.com"]
[Date "2017.04.18"]
[Round "10"]
[White "ABDELAZEEZ-M"]
[Black "juniortay"]
[Result "0-1"]
[WhiteElo "2100"]
[BlackElo "2238"]
[TimeControl "180+2"]
[EndTime "15:14:11 PDT"]
[Termination "juniortay won by checkmate"]

1. d4 Nf6 2. Nf3 d6 3. c4 Nbd7 4. Nc3 e5 5. Bg5 Be7 6. e3 c6 7. Be2 O-O 8. O-O a6 9. Qc2 Re8 10. Rfd1 Qc7 11. h3 Bf8 12. Bh4 e4 13. Nd2 d5 14. Bg3 Bd6 15. Bxd6 Qxd6 16. c5 Qc7 17. b4 Nf8 18. a4 g5 19. b5 g4 20. hxg4 Bxg4 21. Nf1 Ng6 22. Bxg4 Nxg4 23. Qe2 f5 24. bxa6 Rxa6 25. Rab1 Kh8 26. Rb2 Rg8 27. Rdb1 Ra7 28. Ng3 Nh4 29. Rb6 f4 30. exf4 Qxf4 31. Rxb7 Rxb7 32. Rxb7 e3 33. Qc2 exf2+ 34. Kh1 f1=Q+ 35.
Nxf1 Qxf1# 0-1

[Event "*** Qualifier 3: Titled Tuesday 3|2 Blitz"]
[Site "Chess.com"]
[Date "2017.04.18"]
[Round "10"]
[White "rithwik2002"]
[Black "Bugcrusher"]
[Result "1-0"]
[WhiteElo "1829"]
[BlackElo "2460"]
[TimeControl "180+2"]
[EndTime "15:14:13 PDT"]
[Termination "rithwik2002 won by resignation"]

1. e4 e6 2. d4 d5 3. Nc3 Bb4 4.
e5 c5 5. a3 Ba5 6. b4 cxd4 7.
Qg4 Kf8 8. bxa5 dxc3 9. Nf3 Nd7 10. Qb4+ Ne7 11. Bb5 h6 12. O-O a6 13. Bd3 Qc7 14. Be3 Ke8 15. Rad1 Nxe5 16. Nxe5 Qxe5 17. Bd4 Nc6 18.
Bxe5 Nxb4 19. axb4 f6 20. Bg6+ Ke7 21. Bd4 Rd8 22.
Bc5+ Kd7 23. Rfe1 Kc6 24. Rd3 e5 25. Rxc3 Kd7 26. Bb6 Ke7 27. Bxd8+ Kxd8 28. f4 e4 29. Rd1 Be6 30. Bxe4 Ke7 31. Bxd5 Rd8 32. Re3 1-0

[Event "*** Qualifier 3: Titled Tuesday 3|2 Blitz"]
[Site "Chess.com"]
[Date "2017.04.18"]
[Round "10"]
[White "PelinGorki"]
[Black "proxy6"]
[Result "1-0"]
[WhiteElo "2374"]
[BlackElo "2215"]
[TimeControl "180+2"]
[EndTime "15:14:31 PDT"]
[Termination "PelinGorki won by resignation"]

1. e4 c5 2. Na3 Nc6 3. Bb5 d6 4.
c3 Nf6 5. Qe2 Bd7 6. Nc2 a6 7.
Bxc6 Bxc6 8. d3 g6 9. Nf3 Bg7 10.
O-O O-O 11. Re1 b5 12. Bg5 Qc7 13. Ne3 e6 14. Rad1 Qb7 15. h4 h6 16. Bxf6 Bxf6 17. Ng4 Bg7 18. Qe3 Kh7 19. h5 gxh5 20. Ngh2 Rae8 21.
Nh4 Rg8 22. Qf3 Be5 23. Qxh5 Rg5 24. Qf3 Reg8 25. d4 cxd4 26. cxd4 Bxh2+ 27. Kxh2 Rg4 28. g3 Bxe4 29. Qf6 Rxh4+ 30. Qxh4 Bf3 31. Rd3 Rg5 32. d5 Bxd5 33. Ree3 Bh1 34. f3 Qc6 35. Kxh1 Qc1+ 36. Kg2 Qc2+ 37. Kh3 Qc1 38. Qe4+ f5 39. Qb7+ Kg6 40.
Rxe6+ Kh5 41. Qf7+ 1-0

[Event "*** Qualifier 3: Titled Tuesday 3|2 Blitz"]
[Site "Chess.com"]
[Date "2017.04.18"]
[Round "10"]
[White "XiaoKangZhong"]
[Black "NowInChess"]
[Result "1-0"]
[WhiteElo "2011"]
[BlackElo "2055"]
[TimeControl "180+2"]
[EndTime "15:14:43 PDT"]
[Termination "XiaoKangZhong won on time"]

1. e4 e6 2. d4 d5 3. Nd2 Nf6 4. e5 Nfd7 5. Bd3 c5 6. c3 Nc6 7.
Ne2 cxd4 8. cxd4 f6 9. exf6 Nxf6 10. Nf3 Bd6 11. O-O Qc7 12. g3 O-O 13. Bf4 Ng4 14. Bxd6 Qxd6 15. Nf4 Rxf4 16. gxf4 Qxf4 17. h3 Nxd4 18.
Bxh7+ Kxh7 19. Qxd4 Qxf3 20. Qxg4 Qxg4+ 21. hxg4 Bd7 22. Rac1 Bc6 23. Rfe1 Re8 24. Re5 Kg6 25. f4 Kf7 26. Kf2 Rh8 27. Kg3 d4 28. Rd1 Rd8 29. b4 a6 30. Ra1 d3 31. Rd1 d2 32. Re2 Rd3+ 33. Kh4 Ra3 34. Rdxd2 Ra4 35. Rb2 1-0

[Event "*** Qualifier 3: Titled Tuesday 3|2 Blitz"]
[Site "Chess.com"]
[Date "2017.04.18"]
[Round "10"]
[White "Rock700chess"]
[Black "Marcus_Harvey"]
[Result "1-0"]
[WhiteElo "2272"]
[BlackElo "2500"]
[TimeControl "180+2"]
[EndTime "15:14:52 PDT"]
[Termination "Rock700chess won by resignation"]

1. e4 e6 2. d4 d5 3. Nc3 Nf6 4.
e5 Nfd7 5. f4 c5 6. Nf3 Nc6 7.
Be3 a6 8. Qd2 Qb6 9. O-O-O Qa5 10. Kb1 b5 11. dxc5 b4 12. Nxd5 Bxc5 13. Bxc5 Nxc5 14.
Ne3 Ne4 15. Qd3 Nf2 16. Qd6 Qb6 17. Nc4 Qb7 18. Ng5 Nxd1 19. Qc5 Nc3+ 20. bxc3 bxc3+ 21. Ka1 Kd8 22. Be2 f6 23. Rd1+ Bd7 24. Nxe6+ 1-0

[Event "*** Qualifier 3: Titled Tuesday 3|2 Blitz"]
[Site "Chess.com"]
[Date "2017.04.18"]
[Round "10"]
[White "grzechu96"]
[Black "Ilja_Semjonovs"]
[Result "1-0"]
[WhiteElo "2399"]
[BlackElo "2211"]
[TimeControl "180+2"]
[EndTime "15:15:31 PDT"]
[Termination "grzechu96 won by resignation"]

1. e4 c5 2. Nf3 d6 3. d4 cxd4 4.
Nxd4 Nf6 5. Nc3 a6 6. Be3 e5 7.
Nb3 Be6 8. f3 Be7 9. Qd2 O-O 10.
O-O-O a5 11. a4 Na6 12. Bb5 Nc7 13. Be2 d5 14. Bb6 d4 15. Nb5 Nfe8 16. Kb1 Qb8 17.
f4 f6 18. Nxc7 Nxc7 19. f5 Bf7 20. g4 Na6 21. h4 Nb4 22. Bc5 Bxb3 23. Bxe7 Bxc2+ 24. Ka1 Bxd1 25. Bxd1 Rc8 26. Bb3+ Kh8 27. g5 Ra6 28.
gxf6 gxf6 29. Qh6 Qc7 30. Bxf6+ Rxf6 31. Qxf6+ Qg7 32. Qe6 Rd8 33. f6 Qg2 34. Rc1 Nd3 35. Rb1 Nc5 36. Qe7 Nxb3+ 37. Ka2 Qg8 38. f7 Qf8 39.
Qf6+ Qg7 40. Qxd8+ 1-0

[Event "*** Qualifier 3: Titled Tuesday 3|2 Blitz"]
[Site "Chess.com"]
[Date "2017.04.18"]
[Round "10"]
[White "DryCounty"]
[Black "DiogenesSinopeus"]
[Result "1-0"]
[WhiteElo "2436"]
[BlackElo "2269"]
[TimeControl "180+2"]
[EndTime "15:15:38 PDT"]
[Termination "DryCounty won by resignation"]

1. Nf3 Nf6 2. c4 e6 3. g3 a6 4.
Bg2 b5 5. b3 c5 6. O-O Bb7 7.
Nc3 Qb6 8. d4 cxd4 9. Nxd4 Bxg2 10. Kxg2 Nc6 11. Be3 Nxd4 12. Bxd4 Qc6+ 13. f3 bxc4 14.
bxc4 Be7 15. Rc1 O-O 16. Qd3 Rfc8 17. c5 d5 18. cxd6 Qxd6 19. Ne4 Nxe4 20. Qxe4 Qa3 21. Rxc8+ Rxc8 22. Qb7 Rc2 23. Rf2 Bf8 24. h4 Qxa2 25.
Qe4 a5 26. h5 h6 27. g4 Rc1 28. Be3 Rd1 29. g5 Qa1 30. Kg3 Rg1+ 31. Rg2 Bd6+ 32.
f4 hxg5 33. Rxg1 Qxg1+ 34. Bxg1 1-0

[Event "*** Qualifier 3: Titled Tuesday 3|2 Blitz"]
[Site "Chess.com"]
[Date "2017.04.18"]
[Round "10"]
[White "Keranke"]
[Black "Indianlad"]
[Result "1-0"]
[WhiteElo "2653"]
[BlackElo "2720"]
[TimeControl "180+2"]
[EndTime "15:15:39 PDT"]
[Termination "Keranke won by checkmate"]

1. d4 Nf6 2. Nf3 d5 3. Bf4 g6 4. e3 Bg7 5. h3 O-O 6. Be2 c5 7. O-O Nc6 8. c3 Nd7 9. Nbd2 Re8 10.
Qa4 Nb6 11. Qa3 cxd4 12. cxd4 f6 13. Bg3 e5 14. dxe5 fxe5 15. Rfd1 Be6 16. Bh4 Qc7 17. Ng5 Bf7 18. Rac1 h6 19. Nxf7 Qxf7 20. e4 Nd4 21. Bf1 Rf8 22. exd5 g5 23. Bg3 h5 24. Ne4 h4 25. Bh2 Nxd5 26. Bc4 Rad8 27. Nd6 Qxf2+ 28. Kh1 Kh8 29. Bxd5 Qf6 30. Ne4 Qg6 31. Bxb7 g4 32.
hxg4 Ne2 33. Rxd8 Rxd8 34. Re1 Qb6 35. Qe7 Ng3+ 36. Nxg3 hxg3 37. Bxg3 Rd6 38. Qe8+ Kh7 39. Be4+ Kh6 40. Qh5# 1-0

[Event "*** Qualifier 3: Titled Tuesday 3|2 Blitz"]
[Site "Chess.com"]
[Date "2017.04.18"]
[Round "10"]
[White "Rogue_King"]
[Black "CM_FM_IM_GM"]
[Result "1-0"]
[WhiteElo "2128"]
[BlackElo "1993"]
[TimeControl "180+2"]
[EndTime "15:15:40 PDT"]
[Termination "Rogue_King won by checkmate"]

1. d4 Nf6 2. c4 e6 3. Nc3 Bb4 4.
f3 d5 5. a3 Bxc3+ 6. bxc3 O-O 7.
e3 b6 8. cxd5 exd5 9. Bd3 Nbd7 10. Ne2 c5 11. O-O c4 12. Bc2 Re8 13. Ng3 g6 14.
Qd2 Bb7 15. Qf2 a6 16. Bd2 b5 17. Rae1 Nb6 18. h3 Qd6 19. e4 Qxa3 20. e5 Nfd7 21. f4 Qa2 22. Bb1 Qa3 23. f5 Nf8 24. fxg6 fxg6 25.
Qf7+ Kh8 26. Bh6 Ne6 27. Bxg6 hxg6 28. Rf4 Qe7 29. Rf6 Qxf7 30. Rxf7 Rab8 31. Ref1 Bc6 32.
R1f6 Rb7 33. Rxb7 Bxb7 34. Rxg6 b4 35. cxb4 c3 36. Nh5 Nc4 37. Nf6 Rc8 38. Bg7+ Nxg7 39. Rh6# 1-0

[Event "*** Qualifier 3: Titled Tuesday 3|2 Blitz"]
[Site "Chess.com"]
[Date "2017.04.18"]
[Round "10"]
[White "BogdanDeac"]
[Black "Sebastian"]
[Result "0-1"]
[WhiteElo "2544"]
[BlackElo "2664"]
[TimeControl "180+2"]
[EndTime "15:15:50 PDT"]
[Termination "Sebastian won by resignation"]

1. d4 Nf6 2. Bf4 g6 3. Nc3 d5 4.
e3 Bg7 5. h4 h5 6. Nf3 O-O 7.
Ne5 c5 8. Qd2 Nc6 9. Be2 Bf5 10.
O-O cxd4 11. exd4 Rc8 12. Rfd1 Ne4 13. Nxe4 Bxe4 14. c3 Bf5 15. Qe3 e6 16. g3 f6 17.
Nxc6 Rxc6 18. f3 e5 19. dxe5 fxe5 20. Bg5 Qa5 21. b4 Qa3 22. Rxd5 Rxc3 23. Qd2 Rc2 24. Qd1 Qxb4 25. Rb1 Qc3 26. Rxb7 Rxa2 27. Rd6 Ra1 28.
Bc4+ Kh8 0-1

[Event "*** Qualifier 3: Titled Tuesday 3|2 Blitz"]
[Site "Chess.com"]
[Date "2017.04.18"]
[Round "10"]
[White "NMJeevanK"]
[Black "Abrito99"]
[Result "1-0"]
[WhiteElo "2253"]
[BlackElo "2335"]
[TimeControl "180+2"]
[EndTime "15:16:15 PDT"]
[Termination "NMJeevanK won by checkmate"]

1. e4 e6 2. d4 d5 3. e5 c5 4. c3 Nc6 5. Nf3 Qb6 6. Bd3 Bd7 7. dxc5 Bxc5 8. O-O a5 9. Qe2 a4 10.
Nbd2 Nge7 11. Rb1 Ng6 12. b4 Nf4 13. Qd1 Bxf2+ 14. Kh1 Nxd3 15. Qe2 Nxc1 16. Rbxc1 Be3 17. Rce1 Bxd2 18. Qxd2 O-O 19. Ng5 h6 20. Nh3 d4 21.
Rf6 dxc3 22. Qc1 Qd4 23. Rd1 Qxe5 24. Rf3 Rad8 25. Re1 Qh5 26. g4 Qxg4 27. Rg3 Qh5 28. Reg1 Qd5+ 29. R1g2 Qe5 30. Qxh6 g6 31. Rxg6+ fxg6 32. Qxg6+ Kh8 33. Qh6# 1-0

[Event "*** Qualifier 3: Titled Tuesday 3|2 Blitz"]
[Site "Chess.com"]
[Date "2017.04.18"]
[Round "10"]
[White "PowerThinking2650"]
[Black "pastouche06"]
[Result "1-0"]
[WhiteElo "2244"]
[BlackElo "2291"]
[TimeControl "180+2"]
[EndTime "15:16:18 PDT"]
[Termination "PowerThinking2650 won by resignation"]

1. e4 c6 2. d4 d5 3. Nc3 b5 4.
exd5 b4 5. Na4 cxd5 6. Nc5 e6 7.
Bb5+ Nd7 8. Nf3 Nf6 9. Ne5 Bxc5 10. dxc5 Qc7 11. Qe2 Qxc5 12. Be3 Qc7 13. Bf4 O-O 14.
Ng6 e5 15. Nxf8 Kxf8 16. Bg3 a6 17. Ba4 Bb7 18. O-O Qa5 19. Bxd7 Nxd7 20. Bxe5 Nxe5 21. Qxe5 Qc5 22. c3 Re8 23. Qd4 Qxd4 24. cxd4 Re2 25. Rac1 a5 26. Rfe1 Rxb2 27. Rc7 Ba6 28. Ra7 Be2 29.
Rxa5 g6 30. Rxd5 Rxa2 31. Rd8+ Kg7 32. Rb8 Rb2 33. d5 Bg4 34. h3 Bf5 35. g4 Bd7 36.
Re7 Ba4 37. d6 Rd2 38. Rxb4 Rd1+ 39. Kh2 Bc6 40. Rf4 Rh1+ 41. Kg3 Rg1+ 42. Kh4 Bd5 43. d7 Kh6 44. g5+ 1-0

[Event "*** Qualifier 3: Titled Tuesday 3|2 Blitz"]
[Site "Chess.com"]
[Date "2017.04.18"]
[Round "10"]
[White "Konavets"]
[Black "TenisMaster"]
[Result "1/2-1/2"]
[WhiteElo "2620"]
[BlackElo "2667"]
[TimeControl "180+2"]
[EndTime "15:16:43 PDT"]
[Termination "Game drawn - insufficient material"]

1. Nf3 Nf6 2. g3 d5 3. Bg2 c6 4. O-O Bg4 5. d3 e6 6. Nbd2 Be7 7.
h3 Bh5 8. Qe1 O-O 9. e4 Nbd7 10.
b3 a5 11. a4 b5 12. Bb2 bxa4 13. Rxa4 Nb6 14. Ra2 a4 15. Ne5 Qc7 16. g4 Bg6 17. f4 Bd6 18. Nxg6 hxg6 19. e5 Bc5+ 20. d4 Bb4 21. exf6 axb3 22. Rxa8 Rxa8 23. c3 Bd6 24.
fxg7 Ra2 25. Qb1 Na4 26. Bc1 Nxc3 27. Qd3 Bb4 28. f5 exf5 29. gxf5 b2 30. Bxb2 Rxb2 31. fxg6 fxg6 32. Rf6 Rxd2 33. Qxd2 Ne4 34. Qf4 Bd6 35.
Qh4 Bh2+ 36. Kf1 Nxf6 37. Qxf6 Qxg7 38. Qxc6 Qxd4 39. Qxg6+ Kf8 40. Qf5+ Ke7 41. Qg5+ Kd6 42. Qxd5+ Qxd5 43. Bxd5 Kxd5 44. h4 Bg3 45. h5 Bf4 46. h6 Bxh6 1/2-1/2

[Event "*** Qualifier 3: Titled Tuesday 3|2 Blitz"]
[Site "Chess.com"]
[Date "2017.04.18"]
[Round "10"]
[White "JusticeBot"]
[Black "ChessQueen"]
[Result "1-0"]
[WhiteElo "2531"]
[BlackElo "2495"]
[TimeControl "180+2"]
[EndTime "15:16:49 PDT"]
[Termination "JusticeBot won by resignation"]

1. e4 c5 2. c3 d5 3. exd5 Qxd5 4. d4 Nf6 5. Nf3 Nc6 6. Be2 cxd4 7.
cxd4 e6 8. O-O Be7 9. Nc3 Qd6 10.
Bg5 O-O 11. Qd2 Nd5 12. Rfd1 Nxc3 13. bxc3 b6 14. Bf4 Qa3 15. c4 Bb4 16. Qc2 Ne7 17.
Rd3 Qa6 18. a3 Ng6 19. Bg3 Be7 20. d5 Bd7 21. d6 Bf6 22. Rc1 Rac8 23. h4 e5 24. Rd2 Rfe8 25. Qb3 Qb7 26. c5 Bc6 27. cxb6 axb6 28. Rdc2 e4 29. Ng5 Bxg5 30. hxg5 e3 31.
fxe3 Nf8 32. Bc4 Bxg2 33. Bxf7+ Qxf7 34. Qxf7+ Kxf7 35. Rxc8 Bh3 36. R1c7+ Nd7 37. Rxe8 Kxe8 38. e4 Kd8 39. e5 Be6 40. Bf2 g6 41. Bd4 Bd5 42.
Kf2 b5 43. Rc3 Nf8 44. Bb6+ Kd7 45. Rc7+ Ke6 46. Re7+ Kf5 47. d7 Nxd7 48. Rxd7 1-0

[Event "*** Qualifier 3: Titled Tuesday 3|2 Blitz"]
[Site "Chess.com"]
[Date "2017.04.18"]
[Round "10"]
[White "aRk_iN"]
[Black "cailinchetty"]
[Result "1-0"]
[WhiteElo "2103"]
[BlackElo "1947"]
[TimeControl "180+2"]
[EndTime "15:16:56 PDT"]
[Termination "aRk_iN won by checkmate"]

1. e4 c5 2. Nf3 Nc6 3. d4 cxd4 4. Nxd4 Nf6 5. Nc3 g6 6. Be3 Bg7 7. f3 O-O 8. Qd2 d6 9. g4 Bd7 10. Be2 Rc8 11. g5 Ne8 12. h4 Ne5 13. h5 Nc4 14. Bxc4 Rxc4 15. hxg6 fxg6 16. Qh2 Qa5 17.
O-O-O Rxc3 18. bxc3 Qxc3 19. Rd3 Qa5 20. Qxh7+ Kf7 21.
Rh6 Qe1+ 22. Kb2 Rh8 23. Qxg6+ Kg8 24. Rxh8+ Kxh8 25. Qh5+ Kg8 26. g6 Nc7 27. f4 Ne6 28. Qd1 Qb4+ 29. Kc1 Nc5 30. Nb3 Nxd3+ 31. cxd3 Be6 32.
Qc2 Qb5 33. f5 Bxb3 34. axb3 Qc6 35. Bxa7 Bd4 36. Bxd4 Qxc2+ 37. Kxc2 b5 38. Kc3 Kf8 39. Kb4 e6 40. f6 e5 41. Bb6 d5 42. exd5 e4 43.
dxe4 Kg8 44. Kxb5 Kf8 45. Bc5+ Kg8 46. f7+ Kg7 47. f8=Q+ Kxg6 48. Qf5+ Kh6 49. Bf8# 1-0

[Event "*** Qualifier 3: Titled Tuesday 3|2 Blitz"]
[Site "Chess.com"]
[Date "2017.04.18"]
[Round "10"]
[White "Aygehovit1992"]
[Black "WanderingPuppet"]
[Result "1-0"]
[WhiteElo "2428"]
[BlackElo "2308"]
[TimeControl "180+2"]
[EndTime "15:16:58 PDT"]
[Termination "Aygehovit1992 won by resignation"]

1. e4 c5 2. Nf3 e6 3. d4 cxd4 4.
Nxd4 a6 5. Nc3 b5 6. Bd3 Bb7 7. O-O d6 8. Re1 Nd7 9. a4 b4 10. Nd5 Ngf6 11. Nxb4 Qc7 12. c4 g6 13. a5 Bg7 14.
Nbc2 O-O 15. b3 Nc5 16. Bb2 Ncxe4 17. Bf1 d5 18. Ne3 Nxf2 19. Kxf2 Qxh2 20. Bd3 dxc4 21. bxc4 Rfd8 22. Nf3 Qf4 23. Be5 Ne4+ 24. Bxe4 Bxe5 25. Bxb7 Rxd1 26. Raxd1 Rb8 27. Bxa6 Rb2+ 28. Re2 Qg3+ 29. Kf1 Rxe2 30. Kxe2 Bf4 31. Bb7 Bxe3 32. Kxe3 Qxg2 33.
a6 Qa2 34. c5 Qa5 35. c6 Kg7 36. Rd7 Qb6+ 37. Kd3 Qb3+ 38. Ke2 Qb2+ 39. Nd2 Qb5+ 40. Kd1 Qa4+ 41. Ke1 Qa1+ 42. Kf2 Qa5 43. c7 Qf5+ 44. Ke1 Qe5+ 45. Kd1 Qa1+ 46. Ke2 Qe5+ 47. Kf3 Qf5+ 48. Kg2 Qg5+ 49. Kf1 Qf5+ 50. Nf3 Qb5+ 51. Kg2 Qxd7 52. c8=Q Qa4 53. Qc3+ Kg8 54. Qd4 Qa2+ 55. Kg3 h6 56. a7 Kh7 57. a8=Q 1-0

[Event "*** Qualifier 3: Titled Tuesday 3|2 Blitz"]
[Site "Chess.com"]
[Date "2017.04.18"]
[Round "10"]
[White "Enzy63"]
[Black "saraswathii"]
[Result "1-0"]
[WhiteElo "2017"]
[BlackElo "2212"]
[TimeControl "180+2"]
[EndTime "15:17:02 PDT"]
[Termination "Enzy63 won by resignation"]

1. d4 d5 2. Nf3 Nf6 3. c4 e6 4. g3 c5 5. cxd5 exd5 6. Bg2 Be6 7. O-O Nc6 8. Nc3 c4 9. Ne5 Qb6 10.
Nxc6 bxc6 11. e4 Bb4 12. e5 Nd7 13. f4 g6 14. Be3 h5 15. h3 Ba5 16. Na4 Qb4 17. Rc1 Bf5 18. Rf2 Qe7 19. b3 Bd3 20. Bf1 Bxf1 21. Rxf1 cxb3 22. axb3 Qe6 23. Kg2 Rb8 24.
g4 hxg4 25. hxg4 g5 26. f5 Qh6 27. Rh1 Qxh1+ 28. Qxh1 Rxh1 29. Rxh1 Bd8 30. Rh8+ Nf8 31. Nc5 a5 32. f6 Bb6 33. Bxg5 Bxc5 34. dxc5 Kd7 35. Bh6 Rb4 36. Rxf8 Rxg4+ 37. Kf3 Rb4 38. Rxf7+ Ke6 1-0

[Event "*** Qualifier 3: Titled Tuesday 3|2 Blitz"]
[Site "Chess.com"]
[Date "2017.04.18"]
[Round "10"]
[White "djano"]
[Black "GianmarcoVaR"]
[Result "1-0"]
[WhiteElo "2437"]
[BlackElo "2469"]
[TimeControl "180+2"]
[EndTime "15:17:11 PDT"]
[Termination "djano won on time"]

1. d4 Nf6 2. Bf4 e6 3. e3 b6 4. Nd2 Bb7 5. Ngf3 g6 6. Bd3 Bg7 7. Qe2 O-O 8. e4 d6 9. O-O-O a6 10. h4 Nbd7 11. h5 Nxh5 12. Bg5 f6 13. Be3 f5 14. Ng5 f4 15. Nxe6 Qe7 16. Bc4 d5 17. exd5 fxe3 18.
Nf3 Nf4 19. Nxf4 Qd6 20. fxe3 Rae8 21. Ne6 Bxd5 22. Bxd5 Qxd5 23. Nxf8 Nxf8 24. Kb1 Ne6 25. Rhe1 b5 26. e4 Qd6 27. e5 Qd5 28. Qe4 Rd8 29. Qxd5 Rxd5 30. c3 h5 31. Nd2 c5 32. dxc5 Rxc5 33. Nf3 g5 34. Rd6 Kf7 35. Rxa6 g4 36. Nd4 Nc7 37. Ra7 Kg6 38. e6 b4 39. e7 Ne8 40.
Ra8 Kf7 41. Rf1+ Kxe7 42. Nf5+ Kd7 43. Ra7+ Rc7 44. Rxc7+ Nxc7 45. Nxg7 bxc3 46. bxc3 Nd5 47. Nxh5 1-0